 Dungeon Crawl Stone Soup version 0.28.0 (webtiles) character file.

Game seed: 7135536982228905278

172 Krehm the Skirmisher (level 5, -1/43 HPs)
             Began as a Demonspawn Abyssal Knight on Feb 17, 2022.
             Was a Believer of Lugonu.
             Slain by an orc (6 damage)
             ... on level 4 of the Dungeon.
             The game lasted 00:06:36 (2290 turns).

Krehm the Skirmisher (Demonspawn Abyssal Knight)    Turns: 2290, Time: 00:06:37

Health: -1/43      AC:  7    Str: 15    XL:     5   Next: 27%
Magic:  6/6        EV: 10    Int: 12    God:    Lugonu [**....]
Gold:   124        SH:  0    Dex: 13    Spells: 4/4 levels left

rFire   . . .      SeeInvis .   a - +2 hand axe
rCold   . . .      Faith    .   (no shield)
rNeg    . . .      Spirit   .   e - +0 ring mail
rPois   .          Reflect  .   (no helmet)
rElec   .          Harm     .   (no cloak)
rCorr   .          Rampage  .   (no gloves)
Will    .....                   (no boots)
Stlth   +.........              (no amulet)
HPRegen 0.14/turn               (no ring)
MPRegen 0.10/turn               (no ring)

@: no status effects
A: yellow scales 1, demonic touch 1
a: Renounce Religion, Depart the Abyss, Bend Space


You were on level 4 of the Dungeon.
You worshipped Lugonu.
Lugonu was pleased with you.
You visited 1 branch of the dungeon, and saw 4 of its levels.
You visited the Abyss 1 time.

You collected 124 gold pieces.

Inventory:

Hand Weapons
 a - a +2 hand axe (weapon)
Missiles
 c - 99 stones
Armour
 e - a +0 ring mail (worn)
Potions
 b - a potion of attraction
 g - a potion of brilliance


   Skills:
 + Level 4.7 Fighting
 + Level 3.7 Axes
 - Level 1.7 Armour
 - Level 0.8 Dodging
 - Level 2.4 Invocations


You had 4 spell levels left.
You didn't know any spells.
Your spell library was empty.

Dungeon Overview and Level Annotations

Branches:
Dungeon (4/15)
 Temple: D:4-7

Altars:
Ashenzari
Okawaru
Uskayaw
Yredelemnul

Annotations:
D:4 Ijyb


Innate Abilities, Weirdness & Mutations

You are partially covered in yellow scales. (AC +2)
Your touch may inflict minor irresistible damage on your foes.


Message History

Ouch! That really hurt!
Okay, then.
Okay, then.
As you read the scroll labelled MEWKAI ODIDGH, it crumbles to dust.
It is a scroll of enchant weapon.
Your +1 hand axe glows red for a moment.
An orc warrior comes into view. It is wielding a +0 scimitar.
Ijyb closely misses you.
The orc warrior shouts!
You hit Ijyb but do no damage. Your touch misses Ijyb.
You hear a shout! x2
Ijyb completely misses you. The orc hits you but does no damage.
You hit Ijyb but do no damage. Ijyb hits you but does no damage.
The orc hits you from afar with a +0 trident.
You hit Ijyb.
You touch Ijyb.
Ijyb is moderately wounded.
Ijyb hits you with a +0 club.
A hobgoblin comes into view.
The orc barely misses you.
You completely miss Ijyb.
Ijyb is moderately wounded.
Ijyb hits you but does no damage. The orc misses you.
You hit Ijyb but do no damage.
Ijyb is moderately wounded.
Ijyb screams, "No!
No, no, no, no!"
Ijyb zaps a wand.
The bolt of acid hits you.
* * * LOW HITPOINT WARNING * * *
The orc hits you but does no damage.
You hit Ijyb. Your touch misses Ijyb.
Ijyb is heavily wounded.
Ijyb hits you with a +0 club.
* * * LOW HITPOINT WARNING * * *
The orc hits you from afar with a +0 trident.
* * * LOW HITPOINT WARNING * * *
You hit Ijyb.
Ijyb is severely wounded.
Ijyb zaps a wand.
The bolt of acid misses you.
The now-empty wand crumbles to dust.
The orc hits you from afar with a +0 trident.
You die... o..).. ....# ...# go#

#####g#
#...#o#
#...#o# #
#...#g##.#
#...#.@#.#
#...+....#
#...##.#.#
#........#
#.....#..#
##'#..#..#
#.#..#..#
..#†.##>#
.###.....#


You could see an orc warrior, Ijyb, 2 orcs, a hobgoblin and a goblin.

Vanquished Creatures
  A bullfrog zombie (D:3)
  A scorpion zombie (D:3)
  A hound zombie (D:3)
  5 adders
  2 worms (D:3)
  A dart slug (D:1)
  2 orcs (D:3)
  2 bats (D:1)
  An endoplasm (D:2)
  2 giant cockroaches (D:1)
  A hobgoblin (D:1)
  7 jackals
  5 kobolds
  A quokka (D:1)
  6 ball pythons
  2 frilled lizards
  7 goblins
  5 rats
52 creatures vanquished.

Notes
Turn   | Place    | Note
-------+----------+-------------------------------------------
     0 | Abyss:1  | Krehm the Demonspawn Abyssal Knight began the quest for the
                  | Orb.
     0 | Abyss:1  | Reached XP level 1. HP: 18/18 MP: 2/2
     7 | Abyss:1  | Found a shimmering blue altar of Sif Muna.
    53 | Abyss:1  | Noticed a raiju
    61 | Abyss:1  | Noticed a large abomination
    61 | Abyss:1  | Noticed a large abomination
    65 | D:1      | Escaped the Abyss
   295 | D:1      | Reached * piety under Lugonu
   415 | D:1      | Gained mutation: Your touch may inflict minor irresistible
                  | damage on your foes. [demonic ancestry]
   415 | D:1      | Reached XP level 2. HP: 24/24 MP: 3/3
   526 | D:1      | Found a faded altar of an unknown god.
  1208 | D:2      | Gained mutation: You are partially covered in yellow
                  | scales. (AC +2) [demonic ancestry]
  1208 | D:2      | Reached XP level 3. HP: 30/30 MP: 4/4
  1323 | D:2      | Noticed an ogre
  1399 | D:3      | Reached skill level 4 in Fighting
  1399 | D:3      | Reached XP level 4. HP: 35/37 MP: 5/5
  1455 | D:3      | Reached ** piety under Lugonu
  1571 | D:3      | Found an iron altar of Okawaru.
  1574 | D:3      | Found a broken altar of Ashenzari.
  1576 | D:3      | Found a hide-covered altar of Uskayaw.
  1959 | D:3      | Reached XP level 5. HP: 39/43 MP: 6/6
  2035 | D:3      | Found a basalt altar of Yredelemnul.
  2276 | D:4      | Noticed Ijyb
  2283 | D:4      | Noticed an orc warrior
  2290 | D:4      | Slain by an orc

Illustrated notes

Levels and vault maps discovered:
D:1:      dpeg_arrival_yet_another_circle, layout_basic,
          chequers_ecumenical_altar_grove, roderic_lattice_a,
          minmay_misc_feat_tower, chequers_serial_rivers_room_b,
          minmay_misc_feat_nine_boxes, amcnicky_mini_rare_corridor_liquid
D:2:      layout_basic, basic_altar, serial_shops, nicolae_shop_window_shopping,
          minmay_puff
D:3:      layout_rooms, grunt_temple_overflow_open,
          lemuel_zombie_altar_yredelemnul, minmay_misc_feat_diagonals,
          minmay_misc_feat_x, grunt_ministairs_1, lemuel_old_faithful
D:4:      layout_basic, serial_shops, kennysheep_mini_moat,
          amcnicky_mini_corridor_feature, minmay_misc_feat_cross,
          guppyfry_early_orc_mine, uniq_ijyb

Skill      XL: |  1  2  3 |
---------------+----------+-----
Axes           | 2 3 |  3.7
Fighting       | 4 |  4.7
Armour         | |  1.7
Dodging        | |  0.8
Invocations    | |  2.4

Action                   |  1- 3 |  4- 6 || total
-------------------------+-------+-------++-------
Melee: Hand axe          |    75 |    80 ||   155
       Touch             |    12 |    10 ||    22
Invok: Depart the Abyss  |     1 |       ||     1
  Use: Scroll            |       |     3 ||     3
Armor: Leather armour    |    13 |       ||    13
       Ring mail         |    17 |    36 ||    53
Dodge: Dodged            |    30 |    46 ||    76
